 Dungeon Crawl Stone Soup version 0.29-a0-334-gb41bcbb86e (webtiles) character file.

Game seed: 8177158597350405352

41 zishaf the Changer (level 3, -1/29 HPs)
             Began as a Human Wanderer on Apr 14, 2022.
             Slain by an orc
             ... wielding a +0 club
              (3 damage)
             ... on level 5 of the Dungeon.
             The game lasted 00:03:18 (1711 turns).

zishaf the Changer (Human Wanderer)                 Turns: 1711, Time: 00:03:19

Health: -1/29      AC:  6    Str: 20    XL:     3   Next: 75%
Magic:  6/6        EV:  9    Int: 10    God:
Gold:   122        SH:  0    Dex:  8    Spells: 5/6 levels left

rFire   + . .      SeeInvis .   a - +1 mace
rCold   . . .      Faith    .   (no shield)
rNeg    . . .      Spirit   .   l - +0 scale mail
rPois   .          Reflect  .   (no helmet)
rElec   .          Harm     .   (no cloak)
rCorr   .          Rampage  .   (no gloves)
Will    .....                   (no boots)
Stlth   ..........              (no amulet)
HPRegen 0.09/turn               p - ring of protection from fire
MPRegen 0.10/turn               (no ring)

@: about to teleport, flying
A: no striking features
a: no special abilities


You were on level 5 of the Dungeon.
You visited 1 branch of the dungeon, and saw 5 of its levels.

You collected 122 gold pieces.

Inventory:

Hand Weapons
 a - a +1 mace (weapon)
 b - a +0 hunting sling
Missiles
 o - 4 poisoned darts
Armour
 l - a +0 scale mail (worn)
Jewellery
 p - a ring of protection from fire (left hand)
Wands
 m - a wand of acid (10)
Scrolls
 d - a scroll of enchant weapon
 h - a scroll of noise
 i - a scroll of magic mapping {unknown}
 k - a scroll of silence
 q - a scroll of fog {unknown}
Potions
 n - a potion of resistance {unknown}


   Skills:
 + Level 3.0 Fighting
 - Level 1.0 Maces & Flails
 - Level 3.0 Armour
 - Level 2.0 Spellcasting
 - Level 4.0 Transmutations


You had 5 spell levels left.
You knew the following spells:

 Your Spells              Type           Power      Damage    Failure   Level
a - Sting                 Tmut/Pois      20%        1d4       36%         1

Your spell library contained the following spells:

 Spells                   Type           Power      Damage    Failure   Level
 Spider Form              Tmut/Pois      5%         N/A       75%         3
 Ice Form                 Ice/Tmut       5%         N/A       98%         4
 Malign Gateway           Summ/Tloc      0%         N/A       100%        7
 Summon Horrible Things   Summ           0%         N/A       100%        8


Dungeon Overview and Level Annotations

Branches:
Dungeon (6/15)
 Temple: D:4-7

Altars:

Shops:
D:1 (


Message History

The adder hisses angrily.
Reactivating autopickup.
There is a stone staircase leading down here.
As you read the scroll labelled FAPPUW GEULAER, it crumbles to dust.
It is a scroll of enchant weapon.
Your +0 mace glows red for a moment.
The orc closely misses you.
You hear some strange, mumbled words.
A magic dart appears from out of thin air!
Deactivating autopickup; reactivate with Ctrl-A.
The magic dart hits you.
As you read the scroll labelled WILYTI KEDISU, it crumbles to dust.
You hear a loud clanging noise!
It was a scroll of noise.
You hear a shout!
You hear an angry hiss.
You hear a shout! x4
You hear a bark!
The orc hits you but does no damage. Something hits you.
As you read the scroll labelled NUPATE MUAT YJA, it crumbles to dust.
A profound silence engulfs you.
It was a scroll of silence.
The orc closely misses you. Something hits you but does no damage.
It was a potion of magic.
Magic courses through your body. The orc hits you but does no damage.
Something hits you.
It was a potion of cancellation.
Your magical effects are unravelling.
You feel magically purged.
Your hearing returns.
The adder bites you but does no damage. The orc hits you with a +0 club.
* * * LOW HITPOINT WARNING * * *
An orc comes into view. It is wielding a +0 hand axe.
Something hits you.
* * * LOW HITPOINT WARNING * * *
As you read the scroll labelled XURAOMO MEIB, it crumbles to dust.
You feel strangely unstable.
It was a scroll of teleportation.
The adder bites you but does no damage. The orc hits you with a +0 club.
* * * LOW HITPOINT WARNING * * *
Something hits you but does no damage.
It was a potion of flight.
You feel very buoyant.
You fly up into the air.
The adder bites you but does no damage. The adder barely misses you.
The orc hits you with a +0 club.
You die...

## ..
#. #.
#.###
#...
#.#S{#
#o.@#
#.#.o#
....#
#.#....
# .....
.#..###
.....
......


You could see an adder and 2 orcs.

Vanquished Creatures
  2 worms (D:2)
  2 dart slugs (D:1)
  3 endoplasms
  4 goblins
  4 hobgoblins
  2 jackals (D:1)
  2 kobolds
  A quokka (D:2)
  A ball python (D:2)
  3 bats
  A frilled lizard (D:1)
  3 rats
28 creatures vanquished.

Notes
Turn   | Place    | Note
-------+----------+-------------------------------------------
     0 | D:1      | zishaf the Human Wanderer began the quest for the Orb.
     0 | D:1      | zishaf set off with the following items: a +0 mace, a +0
                  | scale mail, a scroll of summoning; and the following spell
                  | memorised: Sting; and the following spells available to
                  | memorise: Spider Form, Ice Form
     0 | D:1      | Reached XP level 1. HP: 13/13 MP: 3/3
    51 | D:1      | Reached skill level 1 in Fighting
    65 | D:1      | Reached XP level 2. HP: 13/21 MP: 5/5
   492 | D:1      | Reached XP level 3. HP: 27/28 MP: 6/6
   562 | D:1      | Found Boucw's Weapon Emporium.
   778 | D:2      | Found a faded altar of an unknown god.
  1635 | D:3      | You fall into a shaft and drop 3 floors!
  1649 | D:6      | Noticed a sky beast
  1704 | D:5      | Entered Level 5 of the Dungeon
  1711 | D:5      | Slain by an orc

Illustrated notes

Levels and vault maps discovered:
D:1:      scummos_arrival_checkerplants, layout_basic, serial_shops,
          shop_fountains
D:2:      layout_loops_corners, hellmonk_ecumenical_altar_prayer_group
D:3:      layout_loops_ring, amcnicky_mini_corridor_feature
D:5:      layout_loops_ring, minivault_27, roderic_batcave, uniq_eustachio
D:6:      layout_basic, serial_shops, nicolae_shop_competitors_out_of_business,
          nrook_mini_backslash, uniq_duvessa

Skill      XL: |  1  2  3 |
---------------+----------+-----
Fighting       | 1 2 3 |  3.0
Maces & Flails | |  1.0
Armour         | |  3.0
Spellcasting   | |  2.0
Transmutations | |  4.0

Action                   || total
-------------------------++-------
Melee: Mace              ||    95
       Punch             ||     1
 Fire: Hunting sling     ||    19
  Use: Scroll            ||     5
       Potion            ||     3
Armor: Scale mail        ||    82
Dodge: Dodged            ||    60

Table legend: (Time is in decaauts)
 A = Elapsed time spent in this place.
 B = Non-inter-level travel time spent in this place.
 C = Inter-level travel time spent in this place.
 D = Time resting spent in this place.
 E = Time spent auto-exploring this place.
 F = Levels seen in this place.
 G = Mean time per level.
                   A        B        C        D        E       F      G
               +--------+--------+--------+--------+--------+-----+--------+
         Total |   1748 |   1718 |     30 |      0 |   1338 |   5 |  349.6 |
       Dungeon |   1748 |   1718 |     30 |      0 |   1338 |   5 |  349.6 |
               +--------+--------+--------+--------+--------+-----+--------+

Top non-repeatable levels by time:
     D:2: 997 daAuts
     D:1: 617 daAuts
     D:6: 68 daAuts
     D:3: 58 daAuts
     D:5: 6 daAuts
